 Dungeon Crawl Stone Soup version 0.29.1-1-gd02db6906a (webtiles) character file.

Game seed: 4664958678172809491

1696279 Godmorgon the Conqueror (level 26, 266/266 HPs)
             Began as a Minotaur Fighter on Sept 17, 2022.
             Was a High Priest of Okawaru.
             Escaped with the Orb
             ... and 3 runes on Sept 19, 2022!
             The game lasted 06:53:09 (66962 turns).

Godmorgon the Conqueror (Minotaur Fighter)         Turns: 66962, Time: 06:53:10

Health: 266/266    AC: 52    Str: 29    XL:     26   Next: 35%
Magic:  36/36      EV: 15    Int:  5    God:    Okawaru [*****.]
Gold:   5016       SH: 30    Dex: 14    Spells: 25/25 levels left

rFire   + + .      SeeInvis +   a - +8 eveningstar of Untimely Demise {protect, rC++}
rCold   + + .      Faith    .   A - +8 tower shield {rF+}
rNeg    + . .      Spirit   +   d - +6 gold dragon scales
rPois   +          Reflect  .   C - +3 hat of the Ten Geomancers {Will+}
rElec   +          Harm     .   e - +4 dragonskin cloak
rCorr   .          Rampage  .   z - +0 pair of gloves of Imperfection {rF- Will++ Regen+ SInv}
Will    ++++.                   F - +1 pair of boots
Stlth   ..........              t - amulet of guardian spirit
HPRegen 1.34/turn               W - ring of the Tortoise {AC+8}
MPRegen 0.25/turn               E - ring "Poworgh" {rElec rF+ rC- rN+}

@: studying 3 skills
A: horns 2, retaliatory headbutt
0: Orb of Zot
}: 3/15 runes: barnacled, silver, gossamer
a: Renounce Religion, Heroism, Finesse, Duel


You escaped.
You worshipped Okawaru.
Okawaru was extremely pleased with you.
You visited 10 branches of the dungeon, and saw 48 of its levels.
You visited 2 bazaars.
You also visited: Gauntlet, Ice Cave, Volcano and Desolation.

You collected 7632 gold pieces.
You spent 2616 gold pieces at shops.

Inventory:

Hand Weapons
 a - the +8 eveningstar of Untimely Demise (weapon) {protect, rC++}
   (You acquired it on level 15 of the Dungeon)

   It grants its wielder temporary protection when it strikes (+7 to AC).
   rC:        It greatly protects you from cold.
 b - a +9 eveningstar of freezing
Missiles
 c - 13 boomerangs
 f - 17 silver javelins (quivered)
 g - 4 curare-tipped darts
 h - 14 javelins
 i - 12 atropa-tipped darts
 j - 21 datura-tipped darts
 k - 8 throwing nets
Armour
 d - +6 gold dragon scales (worn)
 e - the +4 dragonskin cloak (worn)
   (You took it off Tiamat on level 3 of the Realm of Zot)

   It grants the wearer a chance to resist fire, cold, poison, electricity,
   acid, and negative energy.
 z - the +0 pair of gloves of Imperfection (worn) {rF- Will++ Regen+ SInv}
   (Okawaru gifted it to you on level 4 of the Vaults)

   rF:        It makes you vulnerable to fire.
   SInv:      It lets you see invisible.
   Regen:     It increases your rate of health regeneration.
   Will:      It greatly increases your willpower.
 A - a +8 tower shield of fire resistance (worn)
 C - the +3 hat of the Ten Geomancers (worn) {Will+}
   (Okawaru gifted it to you on level 1 of the Shoals)

   Will:      It increases your willpower.
 F - a +1 pair of boots (worn)
Jewellery
 s - a +4 ring of slaying
 t - an amulet of guardian spirit (around neck)
 D - the dreamshard necklace {*Dream Drain}
   (You took it off a vault guard on level 5 of the Vaults)

   [amulet of nothing]

   It shatters if its wearer takes lethal or near-lethal damage, preventing the
   blow and releasing protective dreams that heal and fight for the wearer.
   Drain:     It drains your maximum health when unequipped.
 E - the ring "Poworgh" (right hand) {rElec rF+ rC- rN+}
   (You found it in the Desolation of Salt)

   [ring of positive energy]

   rF:        It protects you from fire.
   rC:        It makes you vulnerable to cold.
   rElec:     It insulates you from electricity.
   rN:        It protects you from negative energy.
 W - the ring of the Tortoise (left hand) {AC+8}
   (You took it off a tengu reaver on level 3 of the Depths)

   [ring of protection]

   AC:        It affects your AC (+8).
Wands
 v - a wand of iceblast (69)
 x - a wand of acid (18)
 S - a wand of paralysis (46)
 T - a wand of mindburst (23)
 V - a wand of digging (32)
Scrolls
 n - 6 scrolls of fog
 o - 6 scrolls of poison
 q - 3 scrolls of magic mapping
 r - 6 scrolls of vulnerability
 u - 6 scrolls of fear
 w - 3 scrolls of blinking
 J - 3 scrolls of silence
 M - 20 scrolls of teleportation
Potions
 m - 4 potions of haste
 p - 8 potions of might
 B - 16 potions of curing
 G - 2 potions of cancellation
 I - 4 potions of resistance
 K - 7 potions of mutation
 O - 9 potions of heal wounds
 P - 3 potions of berserk rage
 Q - 8 potions of ambrosia
 R - 4 potions of invisibility
 X - 3 potions of magic
Miscellaneous
 U - a condenser vane


   Skills:
 O Level 27 Fighting
 - Level 16.0 Maces & Flails
 + Level 18.5 Throwing
 - Level 22.0 Armour
 - Level 22.0 Dodging
 - Level 22.0 Shields
 + Level 21.4 Invocations


You had 25 spell levels left.
You didn't know any spells.
Your spell library was empty.

Dungeon Overview and Level Annotations

Branches:
Dungeon (15/15)            Temple (1/1) D:6            Lair (5/5) D:8
 Shoals (4/4) Lair:3       Spider (4/4) Lair:3        Slime (0/5) Lair:4
    Orc (2/2) D:11            Elf (3/3) Orc:2        Vaults (5/5) D:13
  Crypt (0/3) Vaults:3     Depths (4/4) D:15            Zot (5/5) Depths:4
  IceCv (visited)         Volcano (visited)         Desolation (visited)
Gauntlet (visited)

Altars:
Ashenzari
Cheibriados
Dithmenos
Elyvilon
Fedhas
Gozag
Hepliaklqana
Kikubaaqudgha
Makhleb
Nemelex Xobeh
Okawaru
Qazlal
Ru
Sif Muna
Trog
Uskayaw
Vehumet
Wu Jian
Xom
Yredelemnul
Zin
The Shining One
Jiyva

Shops:
D:2 =   D:8 *   D:9 [   D:12 [*   Orc:1 *   Orc:2 *[*?(   Elf:2 (   Shoals:1 *
Vaults:3 (   Depths:1 =:=

Portals:
Hell: Depths:1 Depths:2 Depths:3 Depths:4
Abyss: Depths:1 Depths:3
Pandemonium: Depths:2
Ziggurat: Depths:3


Innate Abilities, Weirdness & Mutations

You have a pair of horns on your head.
You reflexively headbutt those who attack you in melee.


Message History

A granite statue.
This square is covered in magical glow.
The rock shatters into small pieces.
The sun demon closely misses you.
The sun demon shouts!
You block the balrug's attack. The balrug attacks as you move away!
The balrug misses you. You furiously retaliate!
You headbutt the balrug, but do no damage.
The balrug gestures at you.
The fireball explodes!
The fireball engulfs you! You resist. You block the sun demon's attack. x2
You block the sun demon's attack.
There is an entrance to Kimpuelo's Jewellery Shop here.
The sun demon attacks as you move away! You block the sun demon's attack.
There is an escape hatch in the ceiling here.
Magic restored.
The sun demon closely misses you. You furiously retaliate!
You headbutt the sun demon! A mysterious force pulls you upwards.
The hatch slams shut behind you.
You puncture the sun demon!
Your weapon exudes an aura of protection.
The sun demon is heavily wounded.
You block the sun demon's attack.
You impale the sun demon!!
The sun demon is almost dead.
You block the sun demon's attack.
You pound the sun demon like an anvil!!!
You kill the sun demon!
Okawaru accepts your kill.
Aiming: Dig
Press: ? - help, Shift-Dir - straight line A rock wall.
This square is covered in magical glow.
The rock shatters into small pieces.
Aiming: Dig
Press: ? - help, Shift-Dir - straight line A rock wall.
This square is covered in magical glow.
The rock shatters into small pieces.
There is a staircase leading out of the dungeon here.
You have escaped!

##...####..#
#.......'..#
##...####..# ##.#.##
##.# ##.#### ###
##.....## ##.#####.#
##..8≈8≈8.###
#.@.~≈≈≈~...#######
#.#..8≈8≈8.#........
####.#####.#.#####..
##.....##.#......
#########.#.###..
#.#.###.#.#.###..
#.#...........>..
#.......#.#.###.#
#########.......#


There were no monsters in sight!

Vanquished Creatures
  A dread lich (Zot:5)
  Tiamat (Zot:3)
  3 ancient liches
  Mara (Depths:1)
  Mennas (Vaults:5)
  5 orbs of fire (Zot:5)
  2 juggernauts
  A Killer Klown (Zot:5)
  A curse toe (Zot:2)
  Nikola (D:15)
  9 golden dragons
  the Enchantress (Depths:2)
  3 bone dragons
  Arachne (Spider:3)
  2 electric golems
  2 doom hounds (Depths:2)
  15 tentacled monstrosities
  20 Orb Guardians (Zot:5)
  A walking crystal tome (Depths:3)
  2 liches
  2 titans (Vaults:5)
  4 deep elf master archers (Elf:3)
  5 deep elf blademasters (Elf:3)
  3 walking frostbound tomes
  Grunn (Depths:2)
  4 quicksilver dragons
  11 death cobs
  8 sphinxes
  The ghost of SpoonFarmer the Earth Mage, an adept DrCj of Vehumet (Elf:3)
  Donald (Orc:2)
  11 shadow dragons
  3 draconian monks (Zot:2)
  10 tengu reavers
  A rockslime (IceCv)
  12 storm dragons
  6 azure jellies
  11 frost giants
  5 iron dragons
  2 emperor scorpions (Spider:4)
  9 draconian knights
  3 imperial myrmidons (Desolation)
  10 fire giants
  6 deep elf sorcerers (Elf:3)
  6 draconian scorchers
  10 vault wardens
  The ghost of funnyparkerb the Warrior, a journeyman DjFE of Makhleb (D:12)
  2 orc warlords
  7 ghost moths
  Louise (Spider:2)
  4 draconian shifters
  Aizul (Shoals:1)
  A balrug (Depths:2)
  A war gargoyle (Vaults:5)
  2 draconian annihilators (Zot:2)
  16 stone giants
  6 spriggan defenders
  7 draconian stormcallers
  39 very ugly things
  4 quicksilver oozes (IceCv)
  A deep elf elementalist (Elf:3)
  25 ironbound preservers
  5 vampire knights
  Azrael (D:15)
  7 ironbound thunderhulks
  Nessos (Orc:2)
  8 deep elf demonologists
  9 green draconians
  12 black draconians
  A halazid warlock (Desolation)
  9 spark wasps
  A minotaur (Gauntlet)
  2 putrid mouths (Depths:2)
  8 dire elephants
  6 entropy weavers
  6 deep elf annihilators
  9 purple draconians
  11 white draconians
  10 yellow draconians
  12 red draconians
  16 ettins
  9 deep elf death magi
  An eidolon (Vaults:2)
  9 fire dragons
  A crystal guardian (Desolation)
  8 merfolk impalers
  6 deep elf high priests
  9 merfolk javelineers
  9 great orbs of eyes
  A jiangshi (Vaults:3)
  Josephine (D:14)
  8 ragged hierophants (Desolation)
  A great orb of eyes (shapeshifter) (Elf:1)
  10 yaktaur captains
  4 rakshasas
  9 ice dragons
  4 servants of whispers (Desolation)
  2 ogre magi
  A catoblepas (shapeshifter) (Vaults:5)
  A merfolk avatar (Shoals:4)
  26 vault guards
  7 spriggan air magi
  7 hydras
  Harold (D:9)
  3 jorogumos
  7 peacekeepers
  A catoblepas (Lair:5)
  10 centaur warriors
  2 merfolk aquamancers
  9 two-headed ogres
  A quicksilver dragon skeleton (Depths:3)
  13 boulder beetles
  Erica (Lair:2)
  An alligator snapping turtle (Shoals:4)
  4 radroaches
  6 ironbound frosthearts
  An anaconda (shapeshifter) (Depths:3)
  A two-headed ogre (shapeshifter) (Vaults:5)
  3 vampire magi
  4 tengu warriors
  A death scarab (Gauntlet)
  6 orc high priests
  7 death yaks
  13 deep troll earth magi
  3 satyrs (Shoals:3)
  Urug (D:10)
  12 deep troll shamans
  27 dancing weapons
  3 spriggan berserkers
  A soul eater (Vaults:3)
  Sonja (D:11)
  24 deep elf knights
  7 iron trolls
  Nergalle (Lair:2)
  A fire crab (shapeshifter) (Vaults:4)
  13 hell knights
  5 sun demons
  A titan skeleton (Depths:3)
  2 sun moths
  4 skeletal warriors (D:13)
  13 pharaoh ants
  5 flayed ghosts
  A golden dragon zombie (Depths:2)
  5 orb spiders
  8 steelbarb worms
  5 glowing orange brains
  A spectral hydra (Gauntlet)
  75 deep trolls
  6 sea snakes
  8 necromancers
  31 harpies
  14 deep elf archers
  6 lindwurms
  6 wizards
  2 orange crystal statues (IceCv)
  2 sphinx zombies
  29 deep elf pyromancers
  A phantasmal warrior (Vaults:5)
  32 deep elf zephyrmancers
  A kraken simulacrum (Shoals:4)
  Pikel (D:9)
  16 manticores
  17 wolf spiders
  28 ironbound convokers
  An orc sorcerer (Orc:2)
  11 orc knights
  An oklob plant (Lair:1)
  A stone giant zombie (Depths:2)
  41 ugly things
  4 cyclopes
  A mana viper (shapeshifter) (Vaults:4)
  24 fauns
  23 moths of wrath
  7 elephants
  22 vault sentinels
  11 merfolk sirens
  3 rust devils (Depths:2)
  6 water nymphs
  An ice statue (D:15)
  4 black mambas
  An orange demon (D:11)
  A guardian serpent (Desolation)
  A torpor snail (shapeshifter) (Vaults:5)
  3 gargoyles
  4 molten gargoyles
  A frost giant skeleton (Depths:2)
  5 torpor snails
  13 yaktaurs
  12 demonic crawlers
  14 cane toads
  An eye of devastation (shapeshifter) (Depths:3)
  4 rime drakes
  A komodo dragon (shapeshifter) (Depths:2)
  4 kobold demonologists
  A tormentor (Depths:2)
  2 ice devils
  7 komodo dragons
  2 efreet
  A golden dragon simulacrum (Depths:2)
  A human skeleton (Vaults:4)
  A hellwing (Depths:2)
  A tengu conjurer (D:13)
  7 meliai
  3 polar bears
  7 wind drakes
  A hornet (shapeshifter) (D:15)
  11 trolls
  2 tengu simulacra
  An ettin zombie (Vaults:4)
  A wind drake (shapeshifter) (Vaults:5)
  A hornet (Depths:2)
  25 merfolk
  56 slime creatures
  37 saltlings
  19 blink frogs
  32 jumping spiders
  19 tarantellas
  15 snapping turtles
  4 air elementals
  3 centaur simulacra
  29 culicivoras
  16 water elementals
  Sigmund (D:6)
  A vampire (D:11)
  An elf skeleton (Vaults:4)
  3 spriggans (Depths:2)
  68 yaks
  A shadow (D:11)
  4 wyverns
  A chaos spawn (Depths:2)
  4 fire bats
  11 wraiths
  8 fire elementals
  4 basilisks
  A neqoxec (Depths:2)
  5 alligator snapping turtle simulacra (Shoals:4)
  2 sea snake simulacra (Shoals:4)
  A death yak simulacrum (Shoals:4)
  5 wargs
  59 redbacks
  4 vampire mosquitoes (D:13)
  A harpy simulacrum (Shoals:4)
  12 water moccasins
  6 hell hounds (D:15)
  3 acid dragons
  3 floating eyes (shapeshifter)
  3 ice beasts
  4 black bears
  54 orc warriors
  2 sky beasts (D:7)
  A boggart (Vaults:3)
  7 great orb of eyes simulacra (IceCv)
  A satyr simulacrum (Shoals:4)
  7 ogres
  8 wolves
  18 centaurs
  3 lemures (D:9)
  3 slime creature simulacra (IceCv)
  3 phantoms
  3 kobold brigands
  A human zombie (Vaults:4)
  6 earth elementals
  9 bullfrogs
  2 gnoll sergeants
  2 faun simulacra (Shoals:4)
  7 scorpions
  2 merfolk simulacra (Shoals:4)
  2 necrophages
  2 glowing shapeshifter simulacra (IceCv)
  10 wights
  3 troll zombies (D:11)
  A floating eye simulacrum (Depths:3)
  2 manticore simulacra (Shoals:4)
  5 killer bees (D:10)
  3 snapping turtle simulacra (Shoals:4)
  5 howler monkeys
  An electric eel (Lair:4)
  7 lava snakes (Volcano)
  24 orc priests
  A cyclops simulacrum (Shoals:4)
  A gnoll bouda (D:3)
  Jessica (D:3)
  Terence (D:2)
  4 iguanas
  26 orc wizards
  12 hell rats
  5 ogre zombies (D:11)
  15 gnolls
  10 adders
  A shadow imp (D:7)
  3 white imps
  An ufetubus (D:5)
  3 worms
  5 dart slugs
  67 orcs
  10 endoplasms
  9 giant cockroaches
  11 goblins
  6 hobgoblins
  2 quokkas
  14 ball pythons
  6 bats
  4 frilled lizards
  3 goblin zombies (D:11)
  2 hobgoblin skeletons (D:11)
  20 kobolds
  3 orc skeletons (D:11)
  17 orc zombies (D:11)
  A rat (D:2)
  14 butterflies (Vaults:1)
  A tentacle (Shoals:4)
2348 creatures vanquished.

Vanquished Creatures (others)
  A draconian knight (Zot:2)
  A quicksilver ooze (IceCv)
  A rakshasa (Depths:1)
  3 deep elf knights
  A wizard (Vaults:3)
  A slime creature (IceCv)
  41 fungi
  109 plants
  5 tentacles (Shoals:4)
  3 withered plants (Gauntlet)
166 creatures vanquished.

Grand Total: 2514 creatures vanquished

Notes
Turn   | Place    | Note
-------+----------+-------------------------------------------
     0 | D:1      | Godmorgon the Minotaur Fighter began the quest for the Orb.
     0 | D:1      | Reached XP level 1. HP: 19/19 MP: 0/0
   376 | D:1      | Reached XP level 2. HP: 22/27 MP: 1/1
   707 | D:1      | Reached skill level 4 in Fighting
  1604 | D:2      | Reached XP level 3. HP: 33/33 MP: 2/2
  1628 | D:2      | Noticed Terence
  1640 | D:2      | Killed Terence
  1641 | D:2      | Reached skill level 1 in Throwing
  1681 | D:2      | Found Kimpuelo's Jewellery Shop.
  2161 | D:2      | Reached XP level 4. HP: 41/41 MP: 3/3
  2267 | D:3      | Noticed an ogre
  2356 | D:3      | Found a bloodstained altar of Trog.
  2423 | D:3      | Found a glowing silver altar of Zin.
  2549 | D:3      | Found a faded altar of an unknown god.
  2549 | D:3      | Noticed a necrophage
  2585 | D:3      | Noticed Jessica
  2596 | D:3      | Killed Jessica
  2927 | D:3      | Reached XP level 5. HP: 47/47 MP: 4/4
  2994 | D:3      | Killed an ogre
  2995 | D:3      | Reached skill level 5 in Fighting
  2995 | D:3      | Reached skill level 5 in Maces & Flails
  3137 | D:3      | Reached XP level 6. HP: 43/56 MP: 5/5
  4610 | D:4      | Found an ornate altar of the Wu Jian Council.
  4695 | D:5      | Entered Level 5 of the Dungeon
  4705 | D:4      | Reached XP level 7. HP: 54/61 MP: 6/6
  5490 | D:5      | Reached skill level 6 in Fighting
  5587 | D:5      | Reached skill level 5 in Throwing
  6135 | D:6      | Found a radiant altar of Vehumet.
  6229 | D:6      | Reached XP level 8. HP: 57/70 MP: 7/7
  6310 | D:6      | Noticed Sigmund
  6314 | D:6      | Killed Sigmund
  6696 | D:6      | Reached skill level 7 in Fighting
  6862 | D:6      | Found a staircase to the Ecumenical Temple.
  6870 | Temple   | Entered the Ecumenical Temple
  7509 | D:7      | Reached skill level 8 in Fighting
  7515 | D:7      | Reached skill level 10 in Maces & Flails
  7625 | D:7      | Reached XP level 9. HP: 81/81 MP: 8/8
  7841 | D:7      | Found a sparkling altar of Nemelex Xobeh.
  8070 | D:7      | Reached skill level 9 in Fighting
  8620 | D:8      | Found Nodoobok's Lightly-Used Armoury.
  8631 | D:8      | Bought a -3 eveningstar for 1 gold piece
  8639 | D:8      | Noticed a two-headed ogre
  8646 | D:8      | Killed a two-headed ogre
  8647 | D:8      | Reached skill level 10 in Fighting
  8717 | D:8      | Reached skill level 11 in Fighting
  8833 | D:8      | Found a staircase to the Lair.
  8883 | D:8      | Found an iron altar of Okawaru.
  8982 | D:8      | Reached XP level 10. HP: 77/96 MP: 9/9
  9382 | D:8      | Reached skill level 12 in Fighting
  9486 | D:8      | Found a stormy altar of Qazlal.
  9491 | D:8      | Found a blossoming altar of Fedhas.
  9892 | D:2      | Bought a ring of flight for 192 gold pieces
 10041 | D:8      | Became a worshipper of Warmaster Okawaru
 10049 | D:9      | You are sucked into a shaft and drop 3 floors!
 10062 | D:12     | Noticed a manticore
 10069 | D:12     | Killed a manticore
 10173 | D:11     | Noticed a cyclops
 10177 | D:11     | Killed a cyclops
 10251 | D:11     | Reached skill level 13 in Fighting
 10297 | D:11     | Reached * piety under Okawaru
 10372 | D:11     | Reached skill level 1 in Invocations
 10375 | D:11     | Reached skill level 1 in Dodging
 10413 | D:11     | Found a flickering gateway to a bazaar.
 10421 | Bazaar   | Entered a bazaar
 10431 | Bazaar   | Found Fory's Book Boutique.
 10452 | Bazaar   | Found Zatrieb's General Store.
 10452 | Bazaar   | Found Jyhovviz's Weapon Boutique.
 10478 | Bazaar   | Found Okhlego's Book Shop.
 10518 | Bazaar   | Bought 2 curare-tipped darts for 10 gold pieces
 10526 | Bazaar   | Bought 4 silver boomerangs for 66 gold pieces
 10543 | D:10     | Entered Level 10 of the Dungeon
 10663 | D:10     | Noticed a soul eater
 10675 | D:9      | Noticed Pikel
 10690 | D:9      | Killed Pikel
 10691 | D:9      | Found an opulent altar of Gozag.
 10849 | D:9      | Reached ** piety under Okawaru
 10853 | D:9      | Reached XP level 11. HP: 96/107 MP: 10/12
 10985 | D:9      | Found Jatsos's Antique Armour Boutique.
 11258 | D:9      | Found a basalt altar of Yredelemnul.
 11264 | D:9      | Noticed Harold
 11286 | D:9      | Killed Harold
 11717 | Lair:1   | Entered Level 1 of the Lair of Beasts
 11717 | Lair:1   | Noticed a death yak
 11717 | Lair:1   | Noticed a death yak
 11717 | Lair:1   | Noticed a death yak
 11732 | Lair:1   | Killed a death yak
 11733 | Lair:1   | Reached skill level 5 in Armour
 11733 | Lair:1   | Reached skill level 5 in Shields
 11740 | Lair:1   | Killed a death yak
 11740 | Lair:1   | Reached *** piety under Okawaru
 11740 | Lair:1   | Received a gift from Okawaru
 11751 | Lair:1   | Killed a death yak
 11752 | Lair:1   | Reached skill level 14 in Fighting
 12319 | Lair:1   | Reached skill level 5 in Invocations
 12323 | Lair:1   | Reached **** piety under Okawaru
 12447 | Lair:1   | Identified the +7 chain mail of Modesty {Str+6 Int+4}
 12447 | Lair:1   | Noticed an oklob plant
 12465 | Lair:1   | Killed an oklob plant
 12532 | Lair:1   | Reached ***** piety under Okawaru
 12543 | Lair:1   | Received a gift from Okawaru
 12935 | Lair:2   | Received a gift from Okawaru
 12936 | Lair:2   | Reached XP level 12. HP: 118/118 MP: 15/15
 12953 | Lair:2   | Reached skill level 15 in Fighting
 13057 | Lair:2   | Reached skill level 5 in Dodging
 13095 | Lair:2   | Noticed Nergalle
 13107 | Lair:2   | Killed Nergalle
 13383 | Lair:2   | Noticed Erica
 13402 | Lair:2   | Killed Erica
 13406 | Lair:2   | Identified the +4 executioner's axe of the Illusory Wishes
                  | {protect, rC+ Int+4 Dex+2} (Okawaru gifted it to you on
                  | level 2 of the Lair of Beasts)
 13406 | Lair:2   | Received a gift from Okawaru
 14179 | Lair:3   | Noticed a five-headed hydra
 14188 | Lair:3   | Killed a five-headed hydra
 14189 | Lair:3   | Reached skill level 16 in Fighting
 14204 | Lair:3   | Found a hole to the Spider Nest.
 14611 | Lair:3   | Found a staircase to the Shoals.
 14967 | Lair:4   | Found a runed translucent door.
 14967 | Lair:4   | Found a viscous altar of Jiyva.
 14967 | Lair:4   | Noticed an azure jelly
 14967 | Lair:4   | Noticed an azure jelly
 14968 | Lair:4   | Found a staircase to the Slime Pits.
 14968 | Lair:4   | Noticed an azure jelly
 15046 | Lair:4   | Received a gift from Okawaru
 15056 | Lair:4   | Reached XP level 13. HP: 130/130 MP: 18/18
 15303 | Lair:4   | Identified the +3 plate armour of Wouzous {Str+6} (Okawaru
                  | gifted it to you on level 4 of the Lair of Beasts)
 15303 | Lair:4   | Received a gift from Okawaru
 16040 | Lair:5   | Entered Level 5 of the Lair of Beasts
 16427 | Lair:5   | Reached skill level 17 in Fighting
 16690 | Lair:4   | Reached skill level 10 in Invocations
 16931 | Lair:4   | Received a gift from Okawaru
 17861 | Lair:5   | Reached skill level 10 in Armour
 18537 | D:10     | Noticed Urug
 18566 | D:10     | Reached XP level 14. HP: 71/141 MP: 14/20
 19028 | D:10     | Killed Urug
 19250 | D:9      | Bought a glowing scarf for 272 gold pieces
 19294 | D:11     | Found a staircase to the Orcish Mines.
 19682 | D:11     | Noticed Sonja
 19689 | D:11     | Killed Sonja
 20080 | D:12     | Found a shimmering altar of Xom.
 20080 | D:12     | Found a shimmering altar of Xom.
 20131 | D:12     | Found a shimmering altar of Xom.
 20131 | D:12     | Found a shimmering altar of Xom.
 20131 | D:12     | Found a shimmering altar of Xom.
 20131 | D:12     | Found a shimmering altar of Xom.
 20131 | D:12     | Found a shimmering altar of Xom.
 20131 | D:12     | Found a shimmering altar of Xom.
 20166 | D:12     | Found a shimmering altar of Xom.
 20214 | D:12     | Found a runed translucent gate.
 20214 | D:12     | Found a runed translucent gate.
 20217 | D:12     | Found a runed translucent gate.
 20220 | D:12     | Noticed funnyparkerb's ghost (journeyman DjFE)
 20276 | D:12     | Found Diabliet's General Store.
 20288 | D:12     | Bought a scroll of poison for 68 gold pieces
 20288 | D:12     | Bought a scroll of blinking for 127 gold pieces
 20355 | D:12     | Found Doesoomu's Armour Shop.
 20475 | D:12     | Killed funnyparkerb's ghost
 20475 | D:12     | Received a gift from Okawaru
 20647 | D:13     | Reached skill level 18 in Fighting
 20713 | D:13     | Reached skill level 10 in Throwing
 20871 | D:13     | Identified the +2 robe "Yloh" {rC++ Will+++ Int-5} (Okawaru
                  | gifted it to you on level 13 of the Dungeon)
 20871 | D:13     | Received a gift from Okawaru
 21228 | D:13     | Found a gate to the Vaults.
 21228 | D:13     | Noticed an ironbound preserver
 21243 | D:13     | Killed an ironbound preserver
 21384 | D:13     | Reached skill level 10 in Shields
 21668 | D:14     | Noticed Josephine
 21668 | D:14     | Found a broken altar of Ashenzari.
 21677 | D:14     | Killed Josephine
 21974 | D:14     | Reached skill level 10 in Dodging
 22351 | D:14     | Received a gift from Okawaru
 22372 | D:14     | Reached skill level 15 in Maces & Flails
 22585 | D:14     | Reached XP level 15. HP: 150/150 MP: 21/21
 22786 | D:14     | Found a sacrificial altar of Ru.
 22836 | D:15     | Entered Level 15 of the Dungeon
 22882 | D:15     | Found a gateway to a bazaar.
 22892 | Bazaar   | Entered a bazaar
 22900 | Bazaar   | Found Cuhah's Book Shop.
 22952 | D:15     | Found a gate leading to a gauntlet.
 22984 | Gauntlet | Entered a Gauntlet
 22984 | Gauntlet | Found a transporter.
 22995 | Gauntlet | Found a transporter.
 22995 | Gauntlet | Found a transporter.
 22997 | Gauntlet | Found a transporter.
 23012 | Gauntlet | Found a transporter.
 23028 | Gauntlet | Found a transporter.
 23030 | Gauntlet | Found a large runed translucent door.
 23030 | Gauntlet | Found a large runed translucent door.
 23031 | Gauntlet | Found a large runed translucent door.
 23031 | Gauntlet | Found a large runed translucent door.
 23032 | Gauntlet | Found a large runed translucent door.
 23032 | Gauntlet | Found a runed translucent door.
 23032 | Gauntlet | Found a large runed translucent door.
 23032 | Gauntlet | Found a runed translucent door.
 23032 | Gauntlet | Found a large runed translucent door.
 23032 | Gauntlet | Found a large runed translucent door.
 23033 | Gauntlet | Found a large runed translucent door.
 23033 | Gauntlet | Found a large runed translucent door.
 23036 | Gauntlet | Found a transporter.
 23053 | Gauntlet | Found a transporter.
 23066 | Gauntlet | Found a large runed translucent door.
 23067 | Gauntlet | Found a large runed translucent door.
 23068 | Gauntlet | Found a large runed translucent door.
 23069 | Gauntlet | Found a runed translucent gate.
 23070 | Gauntlet | Found a transporter.
 23070 | Gauntlet | Found a runed translucent gate.
 23071 | Gauntlet | Found a runed translucent gate.
 23072 | Gauntlet | Found a large runed translucent door.
 23073 | Gauntlet | Found a large runed translucent door.
 23074 | Gauntlet | Found a large runed translucent door.
 23094 | Gauntlet | Found a transporter.
 23106 | Gauntlet | Found a transporter.
 23118 | Gauntlet | Found a transporter.
 23130 | Gauntlet | Found a transporter.
 23149 | Gauntlet | Found a transporter.
 23164 | Gauntlet | Found a transporter.
 23166 | Gauntlet | Found a transporter.
 23208 | Gauntlet | Found a transporter.
 23209 | Gauntlet | Found a transporter.
 23290 | Gauntlet | Received a gift from Okawaru
 23299 | Gauntlet | Identified the +2 pair of gloves of Weightlessness {Str+2}
 23406 | D:15     | Identified a scroll of acquirement
 23406 | D:15     | Acquired the +8 eveningstar of Untimely Demise {protect,
                  | rC++}
 23517 | D:15     | Paralysed by an ogre mage for 5 turns
 23809 | D:15     | Noticed Azrael
 23816 | D:15     | Killed Azrael
 23817 | D:15     | Reached skill level 19 in Fighting
 24115 | D:15     | Found a staircase to the Depths.
 24115 | D:15     | Noticed a frost giant
 24121 | D:15     | Killed a frost giant
 24579 | Orc:1    | Entered Level 1 of the Orcish Mines
 24641 | Orc:1    | Found Ruxuh's General Store.
 24647 | Orc:1    | Bought a scroll of identify for 32 gold pieces
 24861 | Orc:1    | Found a dark tunnel.
 24870 | Volcano  | Entered a volcano
 25026 | Volcano  | Found a burning altar of Makhleb.
 25828 | Orc:2    | Entered Level 2 of the Orcish Mines
 25828 | Orc:2    | Found Nifyja's Weapon Shop.
 25831 | Orc:2    | Found a staircase to the Elven Halls.
 25850 | Orc:2    | Noticed Nessos
 25863 | Orc:2    | Killed Nessos
 26231 | Orc:2    | Noticed Donald
 26243 | Orc:2    | Killed Donald
 26265 | Orc:2    | Found Usa Guczu's Assorted Antiques.
 26265 | Orc:2    | Found Nanuyck's Armour Shoppe.
 26271 | Orc:2    | Found Ruk Ept's Magic Scroll Shop.
 26293 | Orc:2    | Found Nuqeil's Assorted Antiques.
 26617 | Orc:2    | Bought a scroll of enchant armour for 210 gold pieces
 26631 | Orc:2    | Bought an encrusted wooden wand for 112 gold pieces
 26641 | Orc:2    | Bought a scroll of enchant armour for 112 gold pieces
 26641 | Orc:2    | Bought a scroll of blinking for 112 gold pieces
 26641 | Orc:2    | Bought a scroll of enchant armour for 112 gold pieces
 26641 | Orc:2    | Bought a scroll of enchant armour for 112 gold pieces
 26867 | Lair:4   | Killed an azure jelly
 26869 | Lair:4   | Killed an azure jelly
 26872 | Lair:4   | Killed an azure jelly
 26940 | Spider:1 | Entered Level 1 of the Spider Nest
 26943 | Spider:1 | Received a gift from Okawaru
 27019 | Spider:1 | Received a gift from Okawaru
 27200 | Spider:1 | Received a gift from Okawaru
 27486 | Spider:1 | Reached XP level 16. HP: 148/161 MP: 18/22
 27489 | Spider:1 | Received a gift from Okawaru
 27991 | Spider:2 | Noticed Louise
 28011 | Spider:2 | Killed Louise
 28218 | Spider:2 | You fall into a shaft and drop 1 floor!
 28506 | Spider:2 | Received a gift from Okawaru
 29423 | Spider:3 | Received a gift from Okawaru
 29440 | Spider:3 | Noticed Arachne
 29465 | Spider:3 | Killed Arachne
 29741 | Spider:3 | Identified the +1 hat of Uhyog {Rampage} (Okawaru gifted it
                  | to you on level 3 of the Spider Nest)
 29741 | Spider:3 | Received a gift from Okawaru
 29835 | Spider:3 | Reached skill level 20 in Fighting
 30356 | Spider:4 | Entered Level 4 of the Spider Nest
 31017 | Spider:4 | Identified the +8 mace "Doggufru" {elec, rElec rPois Int+3}
                  | (Okawaru gifted it to you on level 4 of the Spider Nest)
 31017 | Spider:4 | Received a gift from Okawaru
 31018 | Spider:4 | Reached skill level 15 in Shields
 31037 | Spider:4 | Reached XP level 17. HP: 164/170 MP: 16/24
 31127 | Spider:4 | Received a gift from Okawaru
 32018 | Spider:4 | Got a gossamer rune of Zot
 32530 | Shoals:1 | Entered Level 1 of the Shoals
 32549 | Shoals:1 | Identified the +3 hat of the Ten Geomancers {Will+}
                  | (Okawaru gifted it to you on level 1 of the Shoals)
 32549 | Shoals:1 | Received a gift from Okawaru
 33122 | Shoals:1 | Found Hydwan's Assorted Antiques.
 33523 | Shoals:1 | Noticed Aizul
 33534 | Shoals:1 | Killed Aizul
 34128 | D:12     | Bought a potion of curing for 51 gold pieces
 34187 | Orc:1    | Bought a potion of curing for 48 gold pieces
 34187 | Orc:1    | Bought a potion of magic for 128 gold pieces
 34187 | Orc:1    | Bought a scroll of brand weapon for 152 gold pieces
 34231 | Orc:2    | Bought a potion of curing for 84 gold pieces
 34234 | Orc:2    | Bought a potion of curing for 111 gold pieces
 34563 | Shoals:2 | Identified the +1 scale mail of Serendipity {Int+5}
 34610 | Shoals:2 | Reached skill level 21 in Fighting
 35017 | Shoals:2 | Received a gift from Okawaru
 35611 | Shoals:3 | Received a gift from Okawaru
 35706 | Shoals:3 | Reached XP level 18. HP: 176/182 MP: 23/26
 36253 | Shoals:3 | Received a gift from Okawaru
 36261 | Shoals:3 | Reached skill level 15 in Armour
 36697 | Shoals:4 | Entered Level 4 of the Shoals
 36874 | Shoals:4 | Got a barnacled rune of Zot
 37735 | Shoals:4 | Found a runed translucent gate.
 37735 | Shoals:4 | Found a runed translucent gate.
 37742 | Shoals:4 | Found a runed translucent gate.
 38567 | Vaults:1 | Entered Level 1 of the Vaults
 39017 | Vaults:1 | Received a gift from Okawaru
 39138 | Vaults:1 | Reached skill level 15 in Dodging
 39313 | Vaults:1 | Received a gift from Okawaru
 39620 | Vaults:1 | Reached skill level 22 in Fighting
 39635 | Vaults:1 | Reached XP level 19. HP: 180/191 MP: 29/29
 39639 | Vaults:1 | Reached skill level 15 in Invocations
 39755 | Vaults:1 | Found a huge runed gate.
 39755 | Vaults:1 | Found a huge runed gate.
 39755 | Vaults:1 | Found a huge runed gate.
 39756 | Vaults:1 | Found a huge runed gate.
 39756 | Vaults:1 | Found a huge runed gate.
 39756 | Vaults:1 | Found a huge runed gate.
 39757 | Vaults:1 | Found a huge runed gate.
 39757 | Vaults:1 | Found a huge runed gate.
 39757 | Vaults:1 | Found a huge runed gate.
 39757 | Vaults:1 | Found a huge runed gate.
 39766 | Vaults:1 | Found a huge runed gate.
 39766 | Vaults:1 | Found a huge runed gate.
 39766 | Vaults:1 | Found a huge runed gate.
 39766 | Vaults:1 | Found a huge runed gate.
 39766 | Vaults:1 | Found a huge runed gate.
 39769 | Vaults:1 | Found a huge runed gate.
 39770 | Vaults:1 | Found a huge runed gate.
 39771 | Vaults:1 | Found a huge runed gate.
 39772 | Vaults:1 | Found a huge runed gate.
 39780 | Vaults:1 | Found a huge runed gate.
 39780 | Vaults:1 | Found a huge runed gate.
 39780 | Vaults:1 | Found a huge runed gate.
 39780 | Vaults:1 | Found a huge runed gate.
 39780 | Vaults:1 | Found a huge runed gate.
 39780 | Vaults:1 | Found a huge runed gate.
 39781 | Vaults:1 | Found a huge runed gate.
 39782 | Vaults:1 | Found a huge runed gate.
 39783 | Vaults:1 | Found a huge runed gate.
 39792 | Vaults:1 | Found a huge runed gate.
 39792 | Vaults:1 | Found a huge runed gate.
 39792 | Vaults:1 | Found a huge runed gate.
 39792 | Vaults:1 | Found a huge runed gate.
 39792 | Vaults:1 | Found a huge runed gate.
 39792 | Vaults:1 | Found a huge runed gate.
 39793 | Vaults:1 | Found a huge runed gate.
 39794 | Vaults:1 | Found a huge runed gate.
 39812 | Vaults:1 | Received a gift from Okawaru
 40430 | Vaults:1 | Identified the ring "Reoghuran" {Fly rPois rCorr Dex-5
                  | Stlth+}
 41447 | Vaults:2 | Received a gift from Okawaru
 41544 | Vaults:2 | Reached skill level 23 in Fighting
 41545 | Vaults:2 | Received a gift from Okawaru
 42188 | Vaults:2 | Received a gift from Okawaru
 43022 | Vaults:3 | Identified the +8 flail "Veush" {drain, rElec rN+} (Okawaru
                  | gifted it to you on level 3 of the Vaults)
 43022 | Vaults:3 | Received a gift from Okawaru
 44099 | Vaults:3 | Reached XP level 20. HP: 198/204 MP: 28/30
 44150 | Vaults:3 | Found a staircase to the Crypt.
 44317 | Vaults:3 | Received a gift from Okawaru
 44834 | Vaults:3 | Found Eliuz Ded's Antique Weapon Shop.
 45053 | Vaults:4 | Received a gift from Okawaru
 45800 | Vaults:4 | Received a gift from Okawaru
 45959 | Vaults:4 | Identified the +5 dire flail of Tyefucud {antimagic, rElec
                  | rF+++ Dex-3 Stlth+} (Okawaru gifted it to you on level 4 of
                  | the Vaults)
 45959 | Vaults:4 | Received a gift from Okawaru
 46737 | Depths:1 | Entered Level 1 of the Depths
 46737 | Depths:1 | Noticed Nikola
 46751 | D:15     | Killed Nikola
 46796 | Depths:1 | Noticed Mara
 46813 | Depths:1 | Killed Mara
 47095 | Depths:1 | Found a gateway to Hell.
 47249 | Depths:1 | Found Alaureaf's Jewellery Boutique.
 47249 | Depths:1 | Found Heohiofo's Book Emporium.
 47250 | Depths:1 | Found Vaebith's Jewellery Boutique.
 47444 | Depths:1 | Received a gift from Okawaru
 47565 | Depths:1 | Found a one-way gate to the infinite horrors of the Abyss.
 47720 | Depths:1 | Found a glowing golden altar of the Shining One.
 47877 | Depths:1 | Reached skill level 24 in Fighting
 48087 | Depths:1 | You fall into a shaft and drop 1 floor!
 48251 | Depths:1 | Received a gift from Okawaru
 48252 | Depths:1 | Reached XP level 21. HP: 194/214 MP: 27/32
 48416 | Depths:1 | Received a gift from Okawaru
 48679 | Depths:2 | Received a gift from Okawaru
 48966 | Depths:2 | Noticed a juggernaut
 48984 | Depths:2 | Killed a juggernaut
 49394 | Depths:2 | Noticed Grunn
 49471 | Depths:2 | Received a gift from Okawaru
 49561 | Depths:2 | Noticed the Enchantress
 49876 | Depths:2 | Identified the +7 flail of Exoanity {elec, rF++ Str+4}
                  | (Okawaru gifted it to you on level 2 of the Depths)
 49876 | Depths:2 | Received a gift from Okawaru
 50157 | Depths:2 | Killed the Enchantress
 50331 | Depths:2 | Killed Grunn
 50553 | Depths:2 | Found a one-way gate leading to the halls of Pandemonium.
 50781 | Depths:3 | Found a one-way gateway to a ziggurat.
 50931 | Depths:3 | Identified the +2 shortbow "Ixask" {flame, Fragile Str+3
                  | Int+2}
 51136 | Depths:3 | Received a gift from Okawaru
 51369 | Depths:3 | Identified the +7 short sword of the Lair of Beasts
                  | {vorpal, Int+4}
 51371 | Depths:3 | Identified the +7 longbow "Yclippu" {venom, rElec Will-
                  | Int+4 Dex+4}
 51461 | Depths:3 | Reached XP level 22. HP: 224/224 MP: 33/33
 51578 | Depths:3 | Found a hazy altar of Hepliaklqana.
 52268 | Depths:4 | Entered Level 4 of the Depths
 52821 | Depths:4 | Received a gift from Okawaru
 52874 | Depths:4 | Received a gift from Okawaru
 52885 | Depths:4 | Reached ****** piety under Okawaru
 53232 | Depths:4 | Found a gate to the Realm of Zot.
 53244 | Depths:4 | Identified the +6 hand axe of Imbalance {elec, rElec Int+2}
                  | (Okawaru gifted it to you on level 4 of the Depths)
 53244 | Depths:4 | Received a gift from Okawaru
 53246 | Depths:4 | Noticed a juggernaut
 53254 | Depths:4 | Killed a juggernaut
 53353 | Depths:4 | Reached skill level 25 in Fighting
 54235 | Vaults:5 | Entered Level 5 of the Vaults
 54249 | Vaults:5 | Noticed Mennas
 54272 | Vaults:4 | Identified the +0 pair of gloves of Imperfection {rF-
                  | Will++ Regen+ SInv} (Okawaru gifted it to you on level 4 of
                  | the Vaults)
 54272 | Vaults:4 | Received a gift from Okawaru
 54559 | Vaults:5 | Reached XP level 23. HP: 111/233 MP: 16/34
 54755 | Vaults:5 | Identified the +6 dire flail of Impermanence {vorpal, rN+
                  | SInv} (Okawaru gifted it to you on level 5 of the Vaults)
 54755 | Vaults:5 | Received a gift from Okawaru
 55178 | Vaults:5 | Identified the +4 sling of Soimig {vorpal, Stlth+}
 55329 | Vaults:5 | Noticed an ancient lich
 55336 | Vaults:5 | Killed an ancient lich
 55351 | Vaults:5 | Identified the +5 scale mail of the Bells {Fly rElec rPois
                  | Will- Str+3}
 55494 | Vaults:5 | Identified the +4 sling "Esativol" {venom, Fragile rElec
                  | Dex+6}
 55927 | Vaults:5 | Identified the +1 dagger "Mojoqaotz" {protect, rC+ SInv}
 55937 | Vaults:5 | Got a silver rune of Zot
 56162 | Vaults:5 | Killed Mennas
 56624 | Elf:1    | Entered Level 1 of the Elven Halls
 56656 | Elf:1    | Found a crumbling gateway.
 56664 | Elf:1    | Paralysed by an air elemental for 1 turns
 56687 | Desolati | Entered the Desolation of Salt
 56867 | Desolati | Identified the ring "Poworgh" {rElec rF+ rC- rN+}
 56873 | Desolati | Identified the +4 battleaxe of Debt {flame, +Blink rN+}
 57054 | Desolati | Received a gift from Okawaru
 57068 | Desolati | Identified the +5 lajatang of the Magi {flame, rElec rC++
                  | rN+ Str-2}
 57263 | Desolati | Identified the +7 ring mail of the Game of Life {Harm}
 57473 | Elf:1    | Found a frozen archway.
 57477 | IceCv    | Entered an ice cave
 57561 | IceCv    | Identified the +8 ice dragon scales of Claustrophobia {rF-
                  | rC++ Regen+ Int+2}
 57854 | IceCv    | Reached skill level 26 in Fighting
 57922 | IceCv    | Found a viscous altar of Jiyva.
 57951 | IceCv    | Got the ring "Rybb" {rF- rC+ rCorr Dex+4 SInv}
 58476 | Elf:1    | Received a gift from Okawaru
 58487 | Elf:1    | Reached XP level 24. HP: 193/245 MP: 23/35
 59037 | Elf:2    | Reached skill level 15 in Throwing
 59481 | Elf:2    | Found Tiapoafi's Antique Weapon Shoppe.
 59507 | Elf:2    | Bought a runed eveningstar for 504 gold pieces
 59690 | Elf:2    | Found a runed translucent gate.
 59691 | Elf:2    | Found a runed translucent gate.
 59691 | Elf:2    | Found a runed translucent gate.
 59968 | Elf:2    | Identified the +0 cloak "Mitim" {Regen+ MP-9 Str+3 Int+4}
                  | (Okawaru gifted it to you on level 2 of the Elven Halls)
 59968 | Elf:2    | Received a gift from Okawaru
 60211 | Elf:3    | Entered Level 3 of the Elven Halls
 60422 | Elf:3    | Found a transporter.
 60425 | Elf:3    | Found a bloodstained altar of Trog.
 60425 | Elf:3    | Noticed SpoonFarmer's ghost (adept DrCj)
 60430 | Elf:3    | Found a transporter.
 60745 | Elf:3    | Killed SpoonFarmer's ghost
 60822 | Elf:3    | Paralysed by an air elemental for 1 turns
 60952 | Elf:3    | Paralysed by an air elemental for 1 turns
 60956 | Elf:3    | Paralysed by an air elemental for 1 turns
 61104 | Elf:3    | Identified the +6 scale mail of Loss {Rampage rF- Dex+4}
 61268 | Elf:3    | Identified the +0 ring mail of the Past {Dex+3}
 61310 | Elf:3    | Identified the ring of the Country {Fire +Blink rPois
                  | Str+3}
 61370 | Elf:3    | Identified the +4 eveningstar of Recklessness {protect, rC+
                  | rN+}
 61844 | Zot:1    | Entered Level 1 of the Realm of Zot
 62232 | Zot:1    | Received a gift from Okawaru
 62290 | Zot:1    | Identified the +6 shortbow of Uthigen {speed, *Corrode Fly
                  | rC+ Int+5}
 62778 | Zot:3    | Found the +4 dragonskin cloak
 62778 | Zot:3    | Noticed Tiamat
 62826 | Zot:2    | Received a gift from Okawaru
 62837 | Zot:2    | Reached XP level 25. HP: 250/255 MP: 26/35
 62891 | Zot:2    | Reached skill level 27 in Fighting
 63140 | Zot:2    | Received a gift from Okawaru
 63254 | Zot:2    | Received a gift from Okawaru
 63642 | Zot:2    | Identified the +0 cloak of Okawaru's Whim {rF+ Will+}
                  | (Okawaru gifted it to you on level 2 of the Realm of Zot)
 63642 | Zot:2    | Received a gift from Okawaru
 64083 | Zot:3    | Killed Tiamat
 65761 | Zot:5    | Entered Level 5 of the Realm of Zot
 65966 | Zot:5    | Noticed an orb of fire
 65975 | Zot:5    | Noticed a dread lich
 65980 | Zot:5    | Killed an orb of fire
 65982 | Zot:5    | Noticed an orb of fire
 65987 | Zot:5    | Killed an orb of fire
 65989 | Zot:5    | Killed a dread lich
 65990 | Zot:5    | Reached XP level 26. HP: 248/266 MP: 29/36
 66002 | Zot:5    | Noticed an orb of fire
 66014 | Zot:5    | Killed an orb of fire
 66017 | Zot:5    | Noticed an orb of fire
 66018 | Zot:5    | Noticed an ancient lich
 66021 | Zot:5    | Killed an orb of fire
 66023 | Zot:5    | Killed an ancient lich
 66067 | Zot:5    | Noticed an ancient lich
 66071 | Zot:5    | Killed an ancient lich
 66071 | Zot:5    | Received a gift from Okawaru
 66101 | Zot:5    | Noticed an orb of fire
 66113 | Zot:5    | Killed an orb of fire
 66152 | Zot:5    | Identified the +6 trident "Wuor" {vorpal, Int+4 Dex+4
                  | Stlth+}
 66478 | Zot:5    | Got the Orb of Zot
 66634 | Depths:4 | Noticed Astironn the pandemonium lord
 66962 | D:$      | Escaped with the Orb!

Illustrated notes

Levels and vault maps discovered:
D:1:      lightli_arrival_statue_moat, layout_loops_corners,
          serial_co_window_serial, co_window_paths_b, co_window_paths_b,
          co_window_paths_a, co_window_paths_a, co_window_corner_a,
          co_window_broadway_c, co_window_broadway_c, co_window_broadway_a,
          co_window_sun, co_window_4corner_a, glass_columns_b, glass_columns_a,
          glass_columns_c, glass_columns_a, glass_columns_b
D:2:      layout_loops_corners, serial_shops, shop_statue, uniq_terence
D:3:      layout_basic, trog_three_pillars_becter, zin_statuary,
          ebering_ecumenical_altar_hall, minmay_snake_closets, uniq_jessica
D:4:      layout_basic, nicolae_wu_jian_immortal_techniques,
          minmay_manual_mandibuliform
D:5:      layout_layer_cave, minivault_5, nicolae_kite_square_tiling_tiny,
          minmay_crystal_room, nicolae_grassy_gnolls
D:6:      layout_gridville, fiery_altar_vehumet,
          minmay_temple_entry_proselytizer, minmay_misc_feat_x,
          roderic_serpentine_path, uniq_sigmund
D:7:      layout_gridville, nemelex_spade_bored_becter, kennysheep_small_square
D:8:      layout_loops_cross, grunt_temple_overflow_forces_of_nature,
          general_overflow_altar, due_lair_maze_entry_diamond,
          minmay_shop_damaged, minivault_24, minivault_11,
          nicolae_zen_rock_garden, minmay_misc_feat_encased
D:9:      layout_roguey, kennysheep_little_box, amcnicky_altar_gilded,
          serial_shops, shop_statue, uniq_harold, uniq_pikel
D:10:     layout_cave_pools, nooodl_orcs_dogs, uniq_urug
D:11:     layout_loops_cross, zombieorc2_lemuel, serial_shops, bzr_entry_dummy,
          uniq_sonja
D:12:     layout_rooms, ebering_ghost_rock_garden, serial_shops,
          nicolae_lakefront_shop, nicolae_take_the_stairs, xom_shifter_show
D:13:     layout_rooms, skrybe_vaults_entry_preservation
D:14:     layout_cave_pools, nicolae_ru_path_of_blood, serial_column_ruins,
          column_ruins_hut, column_ruins_hut, column_ruins_corridor_corner,
          column_ruins_open_medium, column_ruins_grid_2,
          column_ruins_open_medium, column_ruins_open_large,
          column_ruins_grid_3, nicolae_ashenzari_skybound, uniq_josephine
D:15:     grunt_enter_depths_snipers, layout_long_grid, minmay_misc_feat_chi,
          gauntlet_entry_generic, serial_shops, statue_bzr, serial_rivers,
          chequers_serial_rivers_small_3, chequers_serial_rivers_small_b,
          chequers_serial_rivers_micro_a, chequers_serial_rivers_small_b,
          chequers_serial_rivers_small_b, chequers_serial_rivers_micro_d,
          uniq_azrael
Temple:   hellmonk_temple_forest_ring
Lair:1:   layout_big_grid
Lair:2:   layout_regular_city, infiniplex_staircase_pool, uniq_erica,
          uniq_nergalle
Lair:3:   layout_layer_cave, shoals_dummy_entry,
          nicolae_spider_entry_non_spiders, patterned_corridor
Lair:4:   layout_cave_pods, slime_entry_2, nicolae_lair_grazing_beasts
          [nicolae_sub_lair_graze_edge, nicolae_sub_lair_graze_edge,
          nicolae_sub_lair_graze_edge, nicolae_sub_lair_graze_edge],
          grunt_megastairs_5, serial_bayou_shore_b
Lair:5:   grunt_lair_end_beastmaster, layout_gridlike, grunt_megastairs_2
Shoals:1: layout_shoals, serial_shops, nicolae_shop_trees,
          nicolae_shoals_pincushion_passage, uniq_aizul
Shoals:2: layout_shoals
Shoals:3: layout_shoals, nicolae_shoals_sun_and_surf
Shoals:4: shoals_end_hangedman, layout_shoals, nicolae_shoals_beach_cooler
Spider:1: layout_spider_delve
Spider:2: layout_cave_pods, uniq_louise
Spider:3: layout_spider_delve, uniq_arachne
Spider:4: hellmonk_spider_rune_bug_friends
Orc:1:    minmay_goldmine, layout_diamond_mine, serial_shops,
          nicolae_shop_crystal, nicolae_volcano_entry_batcave,
          nicolae_orc_bridge_out
Orc:2:    st_orc_rangers, layout_diamond_mine, basic_altar, serial_shops,
          nicolae_shop_crystal, uniq_nessos, uniq_donald
Elf:1:    nicolae_elf_arrival_fired_up, layout_loops_cross,
          portal_ice_cave_entry_pillars_four,
          portal_desolation_entry_nicolae_nacl, special_room [special_room_orc],
          hangedman_elf_represent
Elf:2:    nicolae_elf_blades_crystal_corner, layout_onion_city, serial_shops,
          nicolae_shop_behind_doors, st_stairs_9, lemuel_elevator
Elf:3:    minmay_elf_hall_furrowed, layout_geoelf_octagon,
          gammafunk_ghost_wrathful_warriors
Vaults:1: not_door_vault_mu, st_hourglassy, hangedman_vaults_hat, v_misc_26,
          hangedman_vaults_stretched_pinwheel, hangedman_vaults_nails,
          vaults_mumra_hex, hangedman_vaults_stitches, v_misc_22, v_misc_18,
          vaults_room_door_ring, nicolae_vaults_bisected_slash,
          layout_vaults_omnigrid
Vaults:2: v_rooms_2, hangedman_vaults_unwind, vaults_mumra_chevron_long,
          v_alt_pattern_6, vaults_room_fancy_cross, hangedman_vaults_river_flow,
          ontoclasm_vaults_echo, v_misc_8, vaults_room_fancy_cross,
          hangedman_vaults_slither, ontoclasm_vaults_twist,
          ontoclasm_vaults_gateway, vaults_room_grid, dpeg_vaults_monster_row,
          vaults_dpeg_hooks, layout_vaults_omnicross
Vaults:3: ontoclasm_vaults_shout, nicolae_vaults_stairing_the_circle, v_misc_19,
          nicolae_vaults_triangles, vaults_room_octagon,
          nicolae_vaults_rhombus_6, nicolae_vaults_network_barrier,
          minmay_crypt_entry_simple_box, nicolae_vaults_three_branches,
          hangedman_vaults_corner, nicolae_vaults_little_squares_4, v_misc_1,
          nicolae_vaults_asterisk, vaults_room_grid, layout_vaults_maze,
          serial_shops, nicolae_shop_trees
Vaults:4: vaults_standard_mumra_lines, v_misc_8,
          nicolae_vaults_little_squares_3, nicolae_vaults_twisting_passages,
          v_misc_12, hangedman_vaults_locks, nicolae_vaults_shelves_hall,
          hangedman_vaults_slice, vaults_dpeg_ring, layout_vaults_omnibox
Vaults:5: uniq_mennas
Depths:1: layout_gridlike, hangedman_abyss_entry_splay, tso_altar, hell_entry,
          kennysheep_four_rooms, grunt_megastairs_3, minmay_shop_grove,
          uniq_nikola, uniq_mara
Depths:2: minmay_the_grid_4x2 [minmay_the_grid_minigrid_large,
          minmay_the_grid_stretched_grid, minmay_the_grid_airy,
          minmay_the_grid_x, minmay_the_grid_tiny_cups,
          minmay_the_grid_holed_spiral, minmay_the_grid_broken_lines,
          minmay_the_grid_prize_trominoes], layout_long_grid,
          grunt_pan_entry_spiral, hell_entry, infiniplex_staircase_pillars_1,
          serial_bayou_shore_a, uniq_enchantress, uniq_grunn
Depths:3: minmay_complete_graph, layout_basic, enter_ziggurat_c,
          corexii_corridor_pit, abyss_entry, hell_entry,
          nicolae_hepliaklqana_hippocampus
Depths:4: evilmike_zot_entry_argh, layout_cave_pools, grunt_metal_band,
          minmay_misc_feat_doors, corexii_corridor_pit
Zot:1:    layout_basic
Zot:2:    layout_basic
Zot:3:    layout_misc_corridors, uniq_tiamat
Zot:4:    layout_cellular_growth
Zot:5:    layout_basic, nicolae_zot_crop_circle

Skill      XL: |  1  2  3  4  5  6  7  8  9 10 11 12 13 14 15 16 17 18 19 20 21 22 23 24 25 26 |
---------------+-------------------------------------------------------------------------------+-----
Maces & Flails | 3 4 5 6 7 10 12 14 15 16 | 16.0
Fighting       | 4 5 6 8 11 13 14 16 17 18 19 20 21 22 23 24 25 26 27 | 27.0
Throwing       | 1 2 3 4 5 6 7 8 9 11 12 13 14 16 17 18 | 18.5
Invocations    | 2 6 8 10 12 14 15 16 17 18 19 20 21 | 21.4
Dodging        | 2 4 6 7 10 11 12 14 15 16 17 18 19 20 21 22 | 22.0
Armour         | 4 6 8 10 11 13 14 15 16 17 18 19 20 22 | 22.0
Shields        | 4 5 6 8 10 12 15 16 18 20 21 22 | 22.0

Action                   |  1- 3 |  4- 6 |  7- 9 | 10-12 | 13-15 | 16-18 | 19-21 | 22-24 | 25-27 || total
-------------------------+-------+-------+-------+-------+-------+-------+-------+-------+-------++-------
Melee: Flail             |    64 |   133 |   192 |   496 |   331 |       |    54 |    16 |       ||  1286
       Headbutt          |     7 |    21 |    33 |   123 |   300 |   304 |   487 |   472 |   274 ||  2021
       Morningstar       |       |       |       |       |   547 |       |       |       |       ||   547
       Eveningstar       |       |       |       |       |   342 |  1113 |  1411 |  1748 |   764 ||  5378
       Unarmed           |       |       |       |       |    35 |       |       |       |       ||    35
Throw: Boomerang         |     4 |    22 |    15 |    69 |    51 |   263 |   121 |   312 |    35 ||   892
       Dart              |       |     6 |    28 |    13 |    12 |     2 |       |       |       ||    61
       Javelin           |       |       |       |       |     2 |    51 |    93 |   106 |   115 ||   367
Invok: Heroism           |       |       |       |    19 |    50 |    43 |    43 |    49 |    17 ||   221
       Finesse           |       |       |       |     1 |    10 |    10 |     9 |    10 |     6 ||    46
Evoke: Wand              |       |       |     4 |     5 |     1 |       |     1 |     1 |     7 ||    19
  Use: Scroll            |       |     7 |     1 |     5 |    18 |    13 |     5 |    20 |     8 ||    77
       Potion            |       |     1 |     1 |     2 |     3 |     6 |     6 |     5 |     4 ||    28
 Stab: Paralysed         |       |       |       |       |     2 |       |       |       |       ||     2
       Invisible         |       |       |       |       |       |     5 |       |       |       ||     5
       Distracted        |       |       |       |       |       |     1 |       |     1 |       ||     2
       Confused          |       |       |       |       |       |       |       |     1 |     3 ||     4
Armor: Chain mail        |    21 |    51 |    63 |   111 |   453 |   299 |   316 |   150 |       ||  1464
       Scale mail        |     6 |       |       |       |       |       |       |       |       ||     6
       Gold dragon scale |       |       |       |       |       |       |       |   331 |   237 ||   568
Dodge: Dodged            |    18 |    56 |    45 |   137 |   611 |   435 |   502 |   426 |   182 ||  2412
       Repelled          |       |       |       |       |       |       |       |     5 |       ||     5
Block: Buckler           |    13 |    26 |     3 |       |       |       |       |       |       ||    42
       Kite shield       |       |       |    90 |   270 |   652 |       |       |       |       ||  1012
       Reflection        |       |       |     5 |     5 |    96 |    73 |       |       |       ||   179
       Tower shield      |       |       |       |       |   668 |  1506 |  1741 |  1910 |   800 ||  6625
